 Dungeon Crawl Stone Soup version 0.31-a0-263-ge8cad7f256 (webtiles) character file.

Game seed: 5429206345924167081

461 Vomitron the Ducker (level 6, -5/28 HPs)
             Began as a Felid Shapeshifter on July 13, 2023.
             Was a Follower of Wu Jian.
             Slain by a steam dragon (9 damage)
             ... on level 5 of the Dungeon.
             The game lasted 00:14:47 (4600 turns).

Vomitron the Ducker (Felid Shapeshifter)            Turns: 4600, Time: 00:14:48

Health: -5/28      AC:  2    Str: 11    XL:     6   Next: 79%
Magic:  7/7        EV: 22    Int:  9    God:    Wu Jian [*.....]
Gold:   251        SH:  0    Dex: 25    Spells: 3/5 levels left
                                        Lives:  0   Deaths: 2

rFire   . .          .
                       - Unarmed
rCold   . . .        (shield unavailable)
rNeg    . . .        (body armour unavailable)
rPois   .            (helmet unavailable)
rElec   .            (cloak unavailable)
rCorr   .            (gloves unavailable)
SInv    +            (boots unavailable)
Will    .....        k - amulet of faith
Stlth   +++          q - +6 ring of dexterity
HPRegen 0.24/turn    (no ring)
MPRegen 0.10/turn

%: faith
@: beast-form, quick
A: beast (slay +3), very small, claws 1, fangs 3, see invisible, speed 1, shaggy
fur 2, stealthy paws, no weapons or thrown items, no armour, multi-lived
a: Begin Untransformation, Renounce Religion


You were on level 5 of the Dungeon.
You worshipped Wu Jian.
Wu Jian was aware of your devotion.
You were a hulking beast.
You visited 1 branch of the dungeon, and saw 5 of its levels.

You collected 251 gold pieces.

Inventory:

Jewellery
 h - a ring of flight
 k - an amulet of faith (around neck)
 l - a ring of wizardry
 q - a +6 ring of dexterity (left paw)
Talismans
 b - a beast talisman
 p - a blade talisman
Scrolls
 e - a scroll of identify
 i - a scroll of enchant armour
Potions
 a - a potion of lignification
 c - a potion of haste
 d - a potion of cancellation
 f - a potion of degeneration
 g - 3 potions of curing
 j - 2 potions of heal wounds
 m - 2 potions of brilliance
 o - 2 potions of might
 r - a potion of resistance
 t - 2 potions of attraction


   Skills:
 + Level 3.7 Fighting
 + Level 5.4 Dodging
 + Level 4.9 Stealth
 * Level 4.7 Unarmed Combat
 * Level 5.4 Shapeshifting


You had 3 spell levels left.
You knew the following spells:

 Your Spells              Type           Power      Damage    Failure   Level
a - Poisonous Vapours     Pois/Air       0%         N/A       52%         2

Your spell library contained the following spells:

 Spells                   Type           Power      Damage    Failure   Level
 Sting                    Tmut/Pois      0%         1d3       38%         1
 Sublimation of Blood     Necr           0%         N/A       52%         2
 Wereblood                Tmut           0%         N/A       52%         2
 Olgreb's Toxic Radiance  Pois           0%         N/A       99%         4
 Summon Hydra             Summ           0%         N/A       100%        7


Dungeon Overview and Level Annotations

Branches:
Dungeon (5/15)
 Temple: D:4-7

Altars:
Wu Jian


Innate Abilities, Weirdness & Mutations

You are a hulking beast.
Your limbs bulge with bestial killing power. (Slay +3)
You have sharp claws.
You have razor-sharp teeth.
You have supernaturally acute eyesight. (SInv)
You cover ground quickly. (Speed+)
You are covered in thick fur. (AC +2)
Your paws help you pounce on unaware monsters.
You are incapable of wielding weapons or throwing items.
You cannot wear armour.
You gain extra lives every three experience levels.


Message History

You feel sick.
You feel sick.
You are no longer poisoned.
HP restored.
e - a scroll of identify The jelly quivers.
You scratch the jelly.
Your paws burn!
You bite the jelly!
The jelly is heavily wounded.
The jelly barely misses you.
You scratch the jelly. The acid corrodes you!
Your paws burn!
The jelly is severely wounded.
The jelly barely misses you.
You scratch the jelly but do no damage.
Your paws burn!
You bite the jelly, but do no damage.
The jelly is severely wounded.
The jelly misses you.
You scratch the jelly.
You kill the jelly!
The Council accepts your kill.
Nothing quivered!
You are no longer corroded.
You see here a +0 leather armour.
Found a dagger.
An ice beast is nearby!
You now have 251 gold pieces (gained 7).
The steam dragon hisses angrily.
The steam dragon breathes steam at you. The ball of steam misses you.
You are engulfed in a cloud of scalding steam.
The steam dragon barely misses you. The steam dragon misses you.
You scratch the steam dragon.
The steam dragon is severely wounded.
You are engulfed in a cloud of scalding steam.
The steam dragon bites you. The steam dragon claws you.
You scratch the steam dragon.
The steam dragon is severely wounded.
You are engulfed in a cloud of scalding steam.
* * * LOW HITPOINT WARNING * * *
The steam dragon bites you!
You die...

##...........#####..#.##.#
#.#.........####..##.##.#
#.######...#.[#.>....##.#
####.#
#..##........######(#
##....#
#.........########.#
#..##.#
###..............<..
#.###.#
###.....)########... #.#
#.####§..................
#.#
#.§.##§.h§....########...
##.###.†....#.D....# #...
#......<)...###...## ...[#
#....#..[#####....# ######
#....#...# #....##
#....#...# ......
#....#...# ..#..##
######...# #####


You could see a steam dragon (catching breath).

Vanquished Creatures
  A water moccasin (D:5)
  A centaur (D:5)
  3 scorpions (D:5)
  A howler monkey (D:4)
  2 hounds (D:4)
  2 jellies
  Jessica (D:3)
  An iguana (D:4)
  15 gnolls
  9 adders
  A white imp (D:5)
  3 dart slugs
  3 orcs
  6 endoplasms
  5 giant cockroaches
  10 goblins
  7 hobgoblins
  4 jackals
  2 quokkas
  4 ball pythons
  5 bats
  5 frilled lizards
  6 kobolds
  3 rats
100 creatures vanquished.

Notes
Turn   | Place    | Note
-------+----------+-------------------------------------------
     0 | D:1      | Vomitron the Felid Shapeshifter began the quest for the
                  | Orb.
     0 | D:1      | Reached XP level 1. HP: 9/9 MP: 2/2
   320 | D:1      | Reached skill level 1 in Stealth
   320 | D:1      | Reached XP level 2. HP: 7/13 MP: 3/3
   747 | D:1      | Reached XP level 3. HP: 16/16 MP: 4/4
  1447 | D:2      | Learned a level 2 spell: Poisonous Vapours
  1637 | D:2      | Reached XP level 4. HP: 19/19 MP: 5/5
  1942 | D:3      | Found a faded altar of an unknown god.
  2094 | D:3      | Succumbed to an adder's poison
  2095 | D:3      | Reached XP level 3. HP: 0/24 MP: 4/4
  2095 | D:3      | Reached XP level 4. HP: 20/20 MP: 5/5
  2211 | D:3      | HP: 1/20 [gnoll/+0 flail (10)]
  2642 | D:3      | Noticed Jessica
  2652 | D:3      | Killed Jessica
  2702 | D:3      | Found an ornate altar of the Wu Jian Council.
  2713 | D:3      | Reached XP level 5. HP: 23/23 MP: 6/6
  2723 | D:3      | Became a worshipper of the Wu Jian Council
  3280 | D:4      | Gained mutation: You are covered in thick fur. (AC +2)
                  | [Felid growth]
  3280 | D:4      | Reached XP level 6. HP: 21/28 MP: 7/7
  3593 | D:4      | Reached * piety under Wu Jian
  3921 | D:5      | Entered Level 5 of the Dungeon
  4052 | D:5      | Noticed an ice beast
  4154 | D:5      | Reached skill level 5 in Dodging
  4154 | D:5      | Reached skill level 5 in Shapeshifting
  4154 | D:5      | Reached XP level 7. HP: 31/31 MP: 8/8
  4184 | D:5      | HP: 1/46 [poisoned by a water moccasin]
  4306 | D:5      | Noticed a steam dragon
  4440 | D:5      | HP: 1/31 [steam dragon (5)]
  4441 | D:5      | Killed from afar by a steam dragon
  4442 | D:5      | Reached XP level 6. HP: -16/28 MP: 7/7
  4600 | D:5      | Slain by a steam dragon

Illustrated notes

Levels and vault maps discovered:
D:1:      psy_arrival_spokes, layout_basic, kennysheep_nondescript, hex_tiny,
          minmay_bisected
D:2:      layout_rooms
D:3:      layout_loops_ring, nicolae_wu_jian_glorious_leap,
          hellmonk_ecumenical_altar_arch_garden, uniq_jessica
D:4:      layout_gridville
D:5:      layout_rooms, temple_doors_ab, wad_rectangle_vault

Skill      XL: |  1  2  3  4  5  6 |
---------------+-------------------+-----
Dodging        | 3 4 5 |  5.4
Stealth        | 1 2 3 4 |  4.9
Shapeshifting  | 4 5 |  5.4
Unarmed Combat | 3 4 |  4.7
Fighting       | 3 |  3.7

Action                     |  1- 3 |  4- 6 |  7- 9 || total
---------------------------+-------+-------+-------++-------
  Melee: Unarmed           |    76 |   185 |    22 ||   283
         Bite              |     8 |    23 |     5 ||    36
         Punch             |     1 |     4 |     1 ||     6
Ability: Lunge             |       |    14 |     1 ||    15
         Whirlwind         |       |     6 |     2 ||     8
         Begin Untransform |       |     2 |       ||     2
    Use: Potion            |       |     1 |     2 ||     3
         Scroll            |       |     3 |    11 ||    14
   Stab: Sleeping          |     3 |    10 |       ||    13
         Distracted        |       |     3 |       ||     3
 Armour: Skin              |     3 |     6 |     2 ||    11
  Dodge: Dodged            |    48 |   131 |    17 ||   196
   Form: Blade             |       |     1 |       ||     1
         Beast             |       |     1 |       ||     1

Table legend: (Time is in decaauts)
 A = Elapsed time spent in this place.
 B = Non-inter-level travel time spent in this place.
 C = Inter-level travel time spent in this place.
 D = Time resting spent in this place.
 E = Time spent auto-exploring this place.
 F = Levels seen in this place.
 G = Mean time per level.
                   A        B        C        D        E       F      G
               +--------+--------+--------+--------+--------+-----+--------+
         Total |   3931 |   3777 |    154 |    658 |   1697 |   5 |  786.2 |
       Dungeon |   3931 |   3777 |    154 |    658 |   1697 |   5 |  786.2 |
               +--------+--------+--------+--------+--------+-----+--------+

Top non-repeatable levels by time:
     D:1: 1056 daAuts
     D:3: 1010 daAuts
     D:4: 831 daAuts
     D:2: 596 daAuts
     D:5: 437 daAuts
